 Dungeon Crawl Stone Soup version 0.21.1-1-g345015f (webtiles) character file.

26 4thArraOfDagon the Grave Robber (level 3, 6/25 HPs)
             Began as a Gnoll Necromancer on June 1, 2018.
             Quit the game on level 4 of the Dungeon.
             The game lasted 00:01:39 (343 turns).

4thArraOfDagon the Grave Robber (Gnoll Necromancer)  Turns: 343, Time: 00:01:40

Health: 6/25       AC:  2    Str: 10    XL:     3   Next: 8%
Magic:  3/9        EV: 16    Int: 18    God:
Gold:   35         SH:  0    Dex: 15    Spells: 11/12 levels left

rFire    . . .     SeeInvis .   (no weapon)
rCold    . . .     Gourm    .   (no shield)
rNeg     . . .     Faith    .   a - +0 robe
rPois    .         Spirit   .   (helmet restricted)
rElec    .         Reflect  .   (no cloak)
rCorr    .         Harm     .   (no gloves)
MR       .....     Rnd*Rage +   (no boots)
Stlth    +++.......             (no amulet)
HPRegen  0.08/turn              (no ring)
MPRegen  0.11/turn              (no ring)

@: no status effects
A: distributed training, fangs 1, horns 1, talons 1, repulsion field 1, berserk
1, strong nose
a: no special abilities


You were on level 4 of the Dungeon.
You were not hungry.

You visited 1 branch of the dungeon, and saw 4 of its levels.

You collected 35 gold pieces.

Inventory:

Armour
 a - a +0 robe (worn)
Scrolls
 f - a scroll of remove curse
Books
 b - a book of Necromancy

   Spells                             Type                      Level
   a - Pain                           Necromancy                   1
   b - Animate Skeleton               Necromancy                   1
   c - Vampiric Draining              Necromancy                   3
   d - Regeneration                   Charms/Necromancy            3
   e - Animate Dead                   Necromancy                   4
   f - Borgnjor's Vile Clutch         Necromancy/Earth             5
Comestibles
 c - a ration


   Skills:
 + Level 0.6 Fighting
 + Level 0.6 Short Blades
 + Level 0.6 Long Blades
 + Level 0.6 Axes
 + Level 0.6 Maces & Flails
 + Level 0.6 Polearms
 + Level 0.6 Staves
 + Level 0.6 Slings
 + Level 0.6 Bows
 + Level 0.6 Crossbows
 + Level 0.6 Throwing
 + Level 0.6 Armour
 + Level 4.5 Dodging
 + Level 4.1 Stealth
 + Level 0.6 Shields
 + Level 0.6 Unarmed Combat
 + Level 5.0 Spellcasting
 + Level 0.4 Conjurations
 + Level 0.4 Hexes
 + Level 0.4 Charms
 + Level 0.4 Summonings
 + Level 7.1 Necromancy
 + Level 0.4 Translocations
 + Level 0.4 Transmutations
 + Level 0.4 Fire Magic
 + Level 0.4 Ice Magic
 + Level 0.4 Air Magic
 + Level 0.4 Earth Magic
 + Level 0.4 Poison Magic
 + Level 0.8 Invocations
 + Level 0.6 Evocations


You had 11 spell levels left.
You knew the following spells:

 Your Spells              Type           Power        Failure   Level  Hunger
a - Pain                  Necr           ####         1%          1    None


Dungeon Overview and Level Annotations

Branches:
Dungeon (4/15)
 Temple: D:4-7

Altars:

Portals:
Sewer: D:3


Innate Abilities, Weirdness & Mutations

Your experience applies equally to all skills.
You have very sharp teeth.
Your uncanny sense of smell can sniff out nearby items.
You have a pair of small horns on your head.
You have sharp toenails.
You are surrounded by a mild repulsion field. (EV +2)
You tend to lose your temper in combat.


Message History

The adder barely resists.
The bullfrog skeleton barely misses you.
The adder closely misses you.
Casting: Pain
Confirm with . or Enter, or press ? or * to list all spells.
Aiming: Pain
Press: ? - help, Shift-Dir - straight line, f/p - adder
Aim: an adder (almost dead, chance to defeat MR: 89%)
The adder writhes in agony!
You kill the adder!
Your Spellcasting skill increases to level 5!
You have reached level 3!
Your experience leads to an increase in your attributes!
Increase (S)trength, (I)ntelligence, or (D)exterity?
You feel clever. The bullfrog skeleton misses you.
The bullfrog skeleton hits you.
* * * LOW HITPOINT WARNING * * *
You aren't carrying any potions.
Okay, then.
Are you sure you want to abandon this character and quit the game? (Confirm with "yes".)

. ....########
......†@Zr.#
#.##.####.....#
....# ...# ..#
.# #


You could see a quokka and a bullfrog skeleton.

Vanquished Creatures
  2 adders
  2 giant cockroaches
  A goblin (D:2)
  A hobgoblin (D:2)
  A bat (D:2)
  2 rats
9 creatures vanquished.

Notes
Turn   | Place    | Note
-------+----------+-------------------------------------------
     0 | D:1      | 4thArraOfDagon the Gnoll Necromancer began the quest for the Orb.
     0 | D:1      | Reached XP level 1. HP: 13/13 MP: 6/6
    52 | D:2      | Reached XP level 2. HP: 15/20 MP: 3/7
   305 | D:3      | Found a glowing drain.
   310 | D:3      | Gained mutation: You have an increased reservoir of magic. (+10% MP) [potion of mutation]
   310 | D:3      | Gained mutation: Scrolls take you a little longer to read. [potion of mutation]
   310 | D:3      | Gained mutation: Your movements are slightly less encumbered by armour. (ER -2) [potion of mutation]
   310 | D:3      | Gained mutation: You have a pair of small antennae on your head. [potion of mutation]
   312 | D:3      | Lost mutation: Scrolls take you a little longer to read. [potion of mutation]
   312 | D:3      | Lost mutation: Your movements are slightly less encumbered by armour. (ER -2) [potion of mutation]
   312 | D:3      | Lost mutation: You have an increased reservoir of magic. (+10% MP) [potion of mutation]
   312 | D:3      | Lost mutation: You have a pair of small antennae on your head. [potion of mutation]
   312 | D:3      | Gained mutation: You have sharp toenails. [potion of mutation]
   312 | D:3      | Gained mutation: You tend to lose your temper in combat. [potion of mutation]
   312 | D:3      | Gained mutation: You have a pair of small horns on your head. [potion of mutation]
   312 | D:3      | Gained mutation: You are surrounded by a mild repulsion field. (EV +2) [potion of mutation]
   324 | D:3      | Noticed a howler monkey
   342 | D:4      | Reached skill level 5 in Spellcasting
   342 | D:4      | Reached XP level 3. HP: 13/25 MP: 3/9
   343 | D:4      | Quit the game

Skill      XL: |  1  2 |
---------------+-------+-----
Spellcasting   | 5 |  5.0
Fighting       | |  0.6
Short Blades   | |  0.6
Long Blades    | |  0.6
Axes           | |  0.6
Maces & Flails | |  0.6
Polearms       | |  0.6
Staves         | |  0.6
Slings         | |  0.6
Bows           | |  0.6
Crossbows      | |  0.6
Throwing       | |  0.6
Armour         | |  0.6
Dodging        | |  4.5
Stealth        | |  4.1
Shields        | |  0.6
Unarmed Combat | |  0.6
Conjurations   | |  0.4
Hexes          | |  0.4
Charms         | |  0.4
Summonings     | |  0.4
Necromancy     | |  7.1
Translocations | |  0.4
Transmutations | |  0.4
Fire Magic     | |  0.4
Ice Magic      | |  0.4
Air Magic      | |  0.4
Earth Magic    | |  0.4
Poison Magic   | |  0.4
Invocations    | |  0.8
Evocations     | |  0.6

Action                   || total
-------------------------++-------
Melee: Unarmed           ||     8
       Bite              ||     1
 Cast: Pain              ||    16
  Use: Potion            ||     3
       Scroll            ||     2
Armor: Robe              ||     8
Dodge: Dodged            ||    54
